 Dungeon Crawl Stone Soup version 0.23.0 (webtiles) character file.

Game seed: 15616004355961931965

95 Masnef the Vexing (level 4, -5/24 HPs)
             Began as a Tengu Enchanter on Feb 10, 2019.
             Slain by Grinder (6 damage)
             ... on level 3 of the Dungeon.
             The game lasted 00:04:58 (2804 turns).

Masnef the Vexing (Tengu Enchanter)                 Turns: 2804, Time: 00:04:59

Health: -5/24      AC:  2    Str:  9 (12) XL:     4   Next: 65%
Magic:  6/8        EV: 12    Int: 14 (17) God:
Gold:   95         SH:  0    Dex: 12 (14) Spells: 1/7 levels left

rFire    . . .     SeeInvis .   k - +0 short sword (venom)
rCold    . . .     Gourm    .   (no shield)
rNeg     . . .     Faith    .   b - +0 robe
rPois    .         Spirit   .   (helmet restricted)
rElec    .         Reflect  .   (no cloak)
rCorr    .         Harm     .   (no gloves)
MR       .....                  (boots unavailable)
Stlth    ++........             (no amulet)
HPRegen  0.08/turn              i - +4 ring of strength
MPRegen  0.11/turn              (no ring)

@: no status effects
A: beak, talons 3
a: no special abilities


You were on level 3 of the Dungeon.
You were not hungry.

You visited 1 branch of the dungeon, and saw 3 of its levels.

You collected 95 gold pieces.

Inventory:

Hand Weapons
 a - a +1 dagger
 k - a +0 short sword of venom (weapon)
Armour
 b - a +0 robe (worn)
Jewellery
 i - a +4 ring of strength (left hand)
 j - an uncursed ring of protection from fire
Scrolls
 e - 4 scrolls of teleportation {unknown}
 f - a scroll of random uselessness {unknown}
 h - a scroll of enchant weapon {unknown}
 m - a scroll of remove curse {unknown}
Potions
 c - 3 potions of degeneration
 g - 2 potions of lignification {unknown}
 l - a potion of haste {unknown}
 n - 3 potions of invisibility {unknown}
Comestibles
 d - 5 rations
 o - a chunk of flesh


   Skills:
 - Level 1.1 Short Blades
 - Level 2.4 Dodging
 - Level 3.0 Stealth
 - Level 2.0 Spellcasting
 + Level 3.5 Hexes
 * Level 1.4 Ice Magic


You had one spell level left.
You knew the following spells:

 Your Spells              Type           Power        Failure   Level  Hunger
a - Corona                Hex            ##.....      5%          1    ##.....
b - Ensorcelled Hibernat  Hex/Ice        #.....       13%         2    ###....
c - Confuse               Hex            ##......     17%         3    ####...

Your spell library contained the following spells:

 Spells                   Type           Power        Failure   Level  Hunger
 Tukima's Dance           Hex            ##......     17%         3    ####...
 Dazzling Spray           Conj/Hex       #.....       34%         3    ####...


Dungeon Overview and Level Annotations

Branches:
Dungeon (3/15)

Altars:
Ashenzari

Annotations:
D:3 Grinder


Innate Abilities, Weirdness & Mutations

You have a beak for a mouth.
You have claws for feet.


Message History

Grinder is moderately wounded.
Grinder hits you!
You hit Grinder. You claw Grinder.
Grinder is heavily wounded.
Found 8 gold pieces.
You barely miss Grinder. You claw Grinder, but do no damage.
Grinder is severely wounded.
You hit Grinder. Your kick misses Grinder.
Grinder is severely wounded.
Grinder seems less confused.
Grinder gestures at you. Pain shoots through your body!
Ouch! That really hurt!
* * * LOW HITPOINT WARNING * * *
Okay, then.
It was a potion of degeneration.
There was something very wrong with that liquid.
You feel weakened.
You feel dopey.
You feel clumsy. Grinder hits you.
You die...

########...##.###
####.###..# ##.#.## ##.#
#....# #.## ##### ##.#.##
#..## ..>.. #.##)###..^..
##### #. ##)......# #.
#........ #.# ## ..
#@5####.##.#.# #. ..
##..####.##.#.# #. .>
.........##.#.# #.
.(.....†....#.# #.
.##..###.##..#.# #. $#
#..# #.##..#.# #. .# #..#
#.##..#.####.
########..###.##.........
.........(........#......


You could see Grinder.

Vanquished Creatures
  An adder (D:2)
  An ooze (D:3)
  2 worms (D:2)
  A dart slug (D:1)
  5 leopard geckos
  An orc (D:3)
  9 bats
  2 giant cockroaches (D:2)
  9 goblins
  7 hobgoblins
  4 jackals (D:3)
  2 quokkas (D:2)
  A ball python (D:2)
  6 frilled lizards
  6 kobolds
  5 rats
62 creatures vanquished.

Notes
Turn   | Place    | Note
-------+----------+-------------------------------------------
     0 | D:1      | Masnef the Tengu Enchanter began the quest for the Orb.
     0 | D:1      | Reached XP level 1. HP: 10/10 MP: 4/4
   446 | D:1      | Reached XP level 2. HP: 8/15 MP: 6/6
   450 | D:1      | Learned a level 2 spell: Ensorcelled Hibernation
   990 | D:1      | Reached XP level 3. HP: 19/19 MP: 7/7
  1001 | D:1      | Found a shattered altar of Ashenzari.
  2070 | D:2      | Reached XP level 4. HP: 16/24 MP: 8/8
  2075 | D:2      | Learned a level 3 spell: Confuse
  2175 | D:2      | Reached skill level 1 in Ice Magic
  2785 | D:3      | Noticed Grinder
  2803 | D:3      | HP: 1/24 [Grinder/nerve-wracking pain (13)]
  2804 | D:3      | Slain by Grinder

Skill      XL: |  1  2  3  4 |
---------------+-------------+-----
Hexes          | 3 |  3.5
Ice Magic      | 1 |  1.4
Short Blades   | |  1.1
Dodging        | |  2.4
Stealth        | |  3.0
Spellcasting   | |  2.0

Action                   |  1- 3 |  4- 6 || total
-------------------------+-------+-------++-------
Melee: Dagger            |    81 |       ||    81
       Kick              |    15 |    14 ||    29
       Peck              |     6 |     6 ||    12
       Short sword       |     9 |    58 ||    67
 Cast: Ensorcelled Hiber |     4 |     1 ||     5
       Corona            |     1 |     1 ||     2
       Confuse           |       |     1 ||     1
  Use: Potion            |       |     1 ||     1
 Stab: Sleeping          |    11 |     1 ||    12
       Confused          |       |     1 ||     1
  Eat: Chunk             |     1 |     2 ||     3
       Ration            |     1 |       ||     1
Armor: Robe              |    10 |     8 ||    18
Dodge: Dodged            |    57 |    40 ||    97
